Map: Nacht des Grauens

Players

Satoru

  • Race: Protoss Protoss
  • Spawn Location: 0:00

Link

  • Race: Protoss Protoss
  • Spawn Location: 0:00

VOD

Have the link to the VOD?

Description

Dead of Night with Zera p2

Time

  • Played on: Sept. 11, 2024, 7:42 a.m.
  • Length: 17:37
Show
View Real Time Build Order
Export as new Build Order

Satoru Protoss 

Build Orders:  

Get SALT Encoding   

  12  0:03  Probe (Chrono Boost)  
  13  0:17  Probe (Chrono Boost)  
  14  0:30  Probe (Chrono Boost)  
  14  0:37  Xel'Naga Passageway  
  15  0:44  Probe (Chrono Boost)  
  16  0:58  Probe (Chrono Boost)  
  17  1:12  Probe (Chrono Boost)  
  18  1:26  Probe (Chrono Boost)  
  19  1:40  Probe (Chrono Boost)  
  20  1:52  Core Forge  
  20  1:54  Probe (Chrono Boost)  
  21  2:08  Probe (Chrono Boost)  
  22  2:21  Probe (Chrono Boost)  
  23  2:35  Probe (Chrono Boost)  
  24  2:49  Tesseract Cannon  
  24  2:58  Constructs Facility  
  24  3:03  Xel'Naga Shieldguard  
  24  3:07  Tesseract Cannon  
  25  3:11  Tesseract Cannon  
  25  3:24  Probe (Chrono Boost)  
  25  3:26  Xel'Naga Shieldguard  
  27  3:38  Probe (Chrono Boost)  
  28  3:53  Tesseract Cannon  
  28  4:15  Tesseract Cannon  
  28  4:35  Probe (Chrono Boost)  
  29  4:52  Xel'Naga Shieldguard  
  30  5:02  Constructs Bay  
  30  5:13  Xel'Naga Shieldguard  
  31  5:31  Xel'Naga Shieldguard  
  32  6:06  Tesseract Cannon  
  32  6:08  Tesseract Cannon  
  32  6:10  Tesseract Cannon  
  32  6:13  Tesseract Cannon  
  32  6:57  Tesseract Cannon  
  32  6:58  Tesseract Cannon  
  32  7:41  Tesseract Cannon  
  32  7:43  Tesseract Cannon  
  32  7:54  Tesseract Cannon  
  32  7:58  Xel'Naga Watcher  
  32  8:13  Xel'Naga Watcher  
  32  8:28  Xel'Naga Watcher  
  32  8:43  Xel'Naga Watcher  
  32  8:58  Xel'Naga Watcher  
  32  9:00  Xel'Naga Shieldguard  
  32  9:03  Tesseract Cannon  
  33  9:13  Xel'Naga Watcher  
  33  9:19  Xel'Naga Shieldguard  
  34  9:28  Xel'Naga Watcher  
  34  9:37  Xel'Naga Shieldguard  
  35  9:56  Xel'Naga Shieldguard  
  36  10:14  Xel'Naga Shieldguard  
  37  10:52  Unknown  
  37  11:12  Unknown x4  
  37  11:24  Tesseract Cannon  
  37  11:26  Tesseract Cannon  
  37  11:28  Tesseract Cannon  
  37  11:31  Tesseract Cannon  
  37  11:34  Tesseract Cannon x2  
  37  11:37  Tesseract Cannon  
  37  11:43  Xel'Naga Shieldguard  
  38  12:01  Xel'Naga Shieldguard  
  39  12:20  Xel'Naga Shieldguard  
  40  12:38  Xel'Naga Shieldguard  
  41  12:57  Xel'Naga Shieldguard  
  42  13:14  Unknown  
  42  13:15  Xel'Naga Shieldguard  
  43  13:26  Unknown x4  
  43  15:30  Unknown  
  43  15:42  Unknown x4  
Show
View Real Time Build Order
Export as new Build Order

Link Protoss 

Build Orders:  

Get SALT Encoding   

  12  0:03  Probe (Chrono Boost)  
  13  0:17  Probe (Chrono Boost)  
  14  0:23  Assimilator  
  14  0:33  Assimilator  
  14  0:36  Probe (Chrono Boost)  
  15  0:52  Dark Pylon  
  15  0:55  Probe (Chrono Boost)  
  15  0:56  Assimilator  
  16  1:09  Probe (Chrono Boost)  
  16  1:13  Gateway  
  17  1:23  Probe (Chrono Boost)  
  18  1:34  Dark Pylon  
  18  1:50  Forge  
  18  1:54  Probe (Chrono Boost)  
  19  2:07  Probe (Chrono Boost)  
  20  2:21  Cybernetics Core  
  20  2:30  Gateway  
  20  2:50  Dark Pylon  
  20  3:15  Photon Cannon  
  20  3:30  Gateway  
  20  3:31  Pylon  
  20  3:50  Photon Cannon  
  20  3:53  Photon Cannon  
  20  4:06  Warp Gate  
  20  4:10  Photon Cannon  
  20  4:12  Photon Cannon  
  20  4:21  Pylon  
  20  4:25  Probe (Chrono Boost)  
  21  4:38  Gateway  
  21  4:39  Probe (Chrono Boost)  
  22  4:53  Probe (Chrono Boost), Photon Cannon  
  22  4:54  Photon Cannon  
  22  4:57  Photon Cannon  
  23  5:07  Probe (Chrono Boost)  
  24  5:12  Twilight Council  
  24  5:21  Probe (Chrono Boost)  
  24  5:29  Gateway  
  25  5:31  Gateway  
  25  5:35  Probe (Chrono Boost)  
  26  5:49  Probe (Chrono Boost)  
  27  6:03  Probe (Chrono Boost)  
  27  6:04  Dark Shrine  
  28  6:12  Gateway  
  28  6:19  Dark Pylon  
  28  7:28  Dark Templar x4  
  28  7:29  Dark Templar x2  
  40  7:47  Shadow Fury  
  40  8:19  Forge  
  40  8:21  Forge  
  40  8:35  Dark Templar x2  
  40  8:36  Dark Templar x4  
  52  8:49  Protoss Shields Level 1  
  50  9:18  Protoss Ground Weapons Level 1, Protoss Ground Armor Level 1  
  50  9:31  Dark Templar Blink  
  50  9:45  Dark Pylon  
  50  9:51  Dark Templar x5  
  50  9:52  Dark Templar  
  60  11:38  Protoss Shields Level 2  
  60  12:13  Protoss Ground Armor Level 2, Protoss Ground Weapons Level 2  
  60  12:32  Dark Pylon  
  60  12:36  Dark Templar x4  
  60  12:37  Dark Templar  
  70  12:53  Void Stasis  
  68  13:20  Dark Templar  
  68  13:32  Dark Pylon  
  68  13:40  Pylon  
  68  13:41  Pylon  
  68  13:48  Pylon x2  
  68  13:51  Pylon  
  68  13:52  Pylon  
  68  13:55  Pylon  
  68  13:59  Pylon  
  68  14:01  Dark Templar  
  68  14:02  Dark Templar x4  
  76  14:58  Dark Templar x3  
  76  14:59  Dark Templar x3  
  82  15:28  Photon Cannon  
  82  15:47  Photon Cannon  
  82  15:48  Photon Cannon  
  82  15:49  Photon Cannon  
  82  15:54  Photon Cannon  
  82  15:57  Photon Cannon  
Tags
 
Add a new tag
Caveats
  • Supply blocks, unpowered buildings, or Contaminate may cause inaccurate times.
  • Supply counts are checked every 10 seconds.